 Dungeon Crawl Stone Soup version 0.23-a0-32-g1388f29 (webtiles) character file.

5271 iamserjio the Covert (level 10, -3/68 HPs)
             Began as an Octopode Berserker on Aug 4, 2018.
             Was an Elder of Trog.
             Slain by a salamander (8 damage)
             ... on level 10 of the Dungeon.
             The game lasted 00:33:48 (4732 turns).

iamserjio the Covert (Octopode Berserker)           Turns: 4732, Time: 00:33:50

Health: -3/68      AC:  1    Str: 17    XL:     10   Next: 62%
Magic:  20/20      EV: 16    Int: 14    God:    Trog [****..]
Gold:   449        SH: 10    Dex: 12    Spells: 9/9 levels left

rFire    . . .     SeeInvis .   O - +7 rapier of Kolej {holy, Int+2}
rCold    . . .     Gourm    .   l - +0 shield
rNeg     . . .     Faith    .   (helmet restricted)
rPois    .         Spirit   .   (no amulet)
rElec    .         Reflect  .   c - ring of resist corrosion
rCorr    +         Harm     .   C - ring of flight
MR       .....                  M - ring of magical power
Stlth    +++++.....             (no ring)
HPRegen  0.21/turn              (no ring)
MPRegen  0.17/turn              (no ring)
                                (no ring)
                                (no ring)

@: berserk cooldown, slowed, very slow
A: almost no armour, stealthy swim, amphibious, 8 rings, constrict 8, camouflage
1, gelatinous body 1
a: Berserk, Trog's Hand, Brothers in Arms, Renounce Religion, Evoke Flight


You were on level 10 of the Dungeon.
You worshipped Trog.
Trog was greatly pleased with you.
You were very hungry.

You visited 1 branch of the dungeon, and saw 10 of its levels.

You collected 449 gold pieces.

Inventory:

Hand Weapons
 a - a +0 short sword
 y - a +0 falchion
 G - a +0 whip of freezing
 H - a +4 falchion
 K - a +2 falchion
 L - a +0 hand crossbow
 N - a cursed +0 long sword
 O - the +7 rapier of Kolej (weapon) {holy, Int+2}
   (You found it on level 7 of the Dungeon)

   It has been blessed by the Shining One to cause great damage to the undead
   and demons.
   It affects your intelligence (+2).
 Q - a +1 dagger of venom
 U - a +0 scimitar of flaming
Missiles
 f - 9 bolts
 i - 31 poisoned needles
 m - a throwing net {!f}
 t - 35 sling bullets
 w - 36 arrows
 x - 38 stones (quivered)
 D - 18 tomahawks
Armour
 l - a +0 shield (worn)
Jewellery
 c - a ring of resist corrosion (left tentacle)
 v - an uncursed ring of ice
 C - a ring of flight (right tentacle)
 M - a ring of magical power (on tentacle)
 W - the amulet "Kinewat" {+Rage rElec rPois rF- rN+, unknown}
   (You found it on level 8 of the Dungeon)

   [amulet of rage]

   It makes you vulnerable to fire.
   It insulates you from electricity.
   It protects you from poison.
   It protects you from negative energy.
   It lets you go berserk.
Wands
 B - a wand of flame (14)
 F - a wand of digging (7)
 V - a wand of polymorph (15)
 Y - a wand of enslavement (5)
Scrolls
 d - a scroll of noise {unknown}
 g - 2 scrolls of fear {unknown}
 h - a scroll of magic mapping {unknown}
 j - 7 scrolls of teleportation
 n - 3 scrolls of remove curse {unknown}
 s - 3 scrolls of enchant weapon {unknown}
 I - 2 scrolls of enchant armour {unknown}
 J - a scroll of amnesia {unknown}
 P - a scroll of immolation {unknown}
 R - a scroll of random uselessness {unknown}
 Z - a scroll of acquirement {unknown}
Potions
 e - 3 potions of curing {@q1}
 k - 2 potions of degeneration
 o - 2 potions of invisibility {unknown}
 p - 2 potions of lignification
 q - 2 potions of magic {unknown}
 r - 2 potions of brilliance
 u - 2 potions of haste
 z - a potion of ambrosia {unknown}
 A - a potion of mutation {unknown}
 S - a potion of flight {unknown}
 T - a potion of agility {unknown}
Comestibles
 b - 17 rations
 X - 2 chunks of flesh


   Skills:
 + Level 6.2 Fighting
 - Level 3.0(4.4) Short Blades
 + Level 5.1(5.5) Long Blades
 * Level 9.7 Dodging
 + Level 10.4 Stealth
 + Level 5.9 Shields
 + Level 2.2 Evocations


You had 9 spell levels left.
You didn't know any spells.
Your spell library contained the following spells:

 Spells                   Type           Power        Failure   Level  Hunger
 Apportation              Tloc           #.....       67%         1    ##.....
 Mephitic Cloud           Conj/Pois/Air  #.......     95%         3    ####...
 Venom Bolt               Conj/Pois      #.........   100%        5    ######.
 Olgreb's Toxic Radiance  Pois           #.......     100%        4    #####..
 Summon Small Mammal      Summ           #...         67%         1    ##.....
 Animate Skeleton         Necr           N/A          67%         1    ##.....
 Sting                    Conj/Pois      #...         67%         1    ##.....
 Spider Form              Tmut/Pois      #.........   95%         3    ####...
 Blade Hands              Tmut           #.........   100%        5    ######.
 Ice Form                 Ice/Tmut       #.......     100%        4    #####..
 Confusing Touch          Hex            #.....       67%         1    ##.....
 Sticks to Snakes         Tmut           #.......     80%         2    ###....
 Beastly Appendage        Tmut           #.....       67%         1    ##.....
 Poisonous Vapours        Pois/Air       #.....       80%         2    ###....


Dungeon Overview and Level Annotations

Branches:
Dungeon (10/15)            Temple (0/1) D:6
   Lair: D:8-11         Orc: D:9-12

Altars:
Ashenzari
Fedhas
Hepliaklqana
Kikubaaqudgha
Makhleb
Okawaru
Ru
Uskayaw
Wu Jian
Yredelemnul
Zin
The Shining One


Innate Abilities, Weirdness & Mutations

You cannot wear most types of armour.
You are very stealthy in the water. (Stealth+)
You are amphibious.
You can wear up to eight rings at the same time.
You can use your tentacles to constrict eight enemies at once.
Your skin changes colour to match your surroundings (Stealth+).
Your rubbery body absorbs attacks. (AC +1, EV +1)


Message History

Something closely misses you. Something hits you.
There is a stone staircase leading up here.
Evoke which item? (* to show all) (? for menu, Esc to quit)
Aiming: Polymorph
Press: ? - help, Shift-Dir - straight line A salamander appears out of thin air!
Reactivating autopickup.
The salamander hits you!
You are engulfed in flames!
* * * LOW HITPOINT WARNING * * *
Press: ? - help, v - describe, . - travel
Here: a salamander The floor, spattered with blood.
Unknown command.
You feel much better. The salamander hits you!
You are engulfed in flames!
* * * LOW HITPOINT WARNING * * *
The salamander hits you!
* * * LOW HITPOINT WARNING * * *
You are engulfed in flames!
You die...

...........
..........
....... #...#
#...# #..†# #..)#
####[.N#######.
.........@.......
.................
.......##########
....... ##.....
#..... #.###+


You could see a salamander.

Vanquished Creatures
  A two-headed ogre (D:10)
  Pikel (D:5)
  Maurice (D:8)
  Grinder (D:3)
  A hungry ghost (D:7)
  A water moccasin (D:8)
  3 orc warriors
  A necrophage (D:9)
  A sky beast (D:9)
  An ogre (D:9)
  2 bullfrogs
  4 scorpions
  8 killer bees (D:9)
  6 wights (D:7)
  2 howler monkeys (D:8)
  3 bullfrog zombies
  A crimson imp (D:7)
  5 jellies
  3 hounds
  3 orc priests
  3 bullfrog skeletons
  An iguana (D:4)
  11 orc wizards
  6 worker ants
  A hound zombie (D:5)
  2 hound skeletons
  2 worker ant zombies
  10 adders
  3 shadow imps
  8 oozes
  An adder zombie (D:9)
  An adder skeleton (D:4)
  2 worms
  2 dart slugs (D:1)
  6 leopard geckos
  44 orcs
  2 bat zombies (D:2)
  8 giant cockroaches
  7 goblins
  5 hobgoblins
  10 jackals
  4 quokkas
  3 ball pythons
  8 bats
  4 frilled lizards
  A jackal skeleton (D:4)
  6 kobolds
  A quokka skeleton (D:6)
  4 rats
  A rat zombie (D:2)
216 creatures vanquished.

Vanquished Creatures (collateral kills)
  Erica (D:8)
  A troll (D:8)
  Prince Ribbit (D:8)
3 creatures vanquished.

Vanquished Creatures (others)
  A centaur (D:5)
1 creature vanquished.

Grand Total: 220 creatures vanquished

Notes
Turn   | Place    | Note
-------+----------+-------------------------------------------
     0 | D:1      | iamserjio the Octopode Berserker began the quest for the Orb.
     0 | D:1      | Reached XP level 1. HP: 16/16 MP: 1/1
   103 | D:1      | Reached skill level 1 in Stealth
   120 | D:1      | Reached XP level 2. HP: 18/21 MP: 2/2
   158 | D:1      | Reached skill level 2 in Stealth
   223 | D:1      | Reached XP level 3. HP: 20/26 MP: 3/3
   307 | D:1      | Reached ** piety under Trog
   474 | D:2      | Found a glowing silver altar of Zin.
   519 | D:2      | Found an iron altar of Okawaru.
   556 | D:2      | Reached skill level 3 in Stealth
   563 | D:2      | Found an ancient bone altar of Kikubaaqudgha.
   719 | D:2      | Reached XP level 4. HP: 2/31 MP: 4/4
   871 | D:3      | Found a hazy altar of Hepliaklqana.
   871 | D:3      | Found a glowing golden altar of the Shining One.
   871 | D:3      | Found an ornate altar of the Wu Jian Council.
   871 | D:3      | Found a sacrificial altar of Ru.
  1053 | D:3      | Reached skill level 4 in Stealth
  1095 | D:3      | Reached skill level 1 in Shields
  1095 | D:3      | Reached XP level 5. HP: 36/36 MP: 5/5
  1129 | D:3      | Noticed Grinder
  1143 | D:3      | Killed Grinder
  1143 | D:3      | Reached skill level 5 in Dodging
  1143 | D:3      | Reached skill level 6 in Stealth
  1143 | D:3      | Reached XP level 6. HP: 30/42 MP: 6/6
  1439 | D:4      | Reached XP level 7. HP: 46/46 MP: 7/7
  1751 | D:4      | Reached skill level 7 in Stealth
  1792 | D:4      | Found a hide-covered altar of Uskayaw.
  1848 | D:5      | Entered Level 5 of the Dungeon
  2082 | D:5      | Noticed Pikel
  2093 | D:5      | Killed Pikel
  2093 | D:5      | Reached skill level 1 in Long Blades
  2093 | D:5      | Reached XP level 8. HP: 39/54 MP: 8/8
  2148 | D:5      | Reached *** piety under Trog
  2447 | D:6      | Reached skill level 8 in Stealth
  2483 | D:6      | Found a staircase to the Ecumenical Temple.
  2893 | D:7      | Reached XP level 9. HP: 59/59 MP: 9/9
  3114 | D:7      | Found a basalt altar of Yredelemnul.
  3166 | D:7      | Got a dazzling rapier
  3167 | D:7      | Identified the +7 rapier of Kolej {holy, Int+2} (You found it on level 7 of the Dungeon)
  3249 | D:8      | Reached **** piety under Trog
  3251 | D:8      | Noticed Maurice
  3274 | D:8      | Reached skill level 9 in Stealth
  3295 | D:8      | Killed Maurice
  3295 | D:8      | Reached skill level 5 in Fighting
  3295 | D:8      | Reached skill level 5 in Shields
  3351 | D:8      | Found a sacrificial altar of Ru.
  3738 | D:8      | Noticed a troll
  3741 | D:8      | Noticed Prince Ribbit
  3741 | D:8      | Noticed Erica
  3746 | D:8      | Found a burning altar of Makhleb.
  3757 | D:8      | Killed a troll
  3759 | D:8      | Killed Prince Ribbit
  3765 | D:8      | Killed Erica
  3765 | D:8      | Reached XP level 10. HP: 31/67 MP: 10/10
  3914 | D:8      | Got a steaming ruby amulet
  3916 | D:8      | Found a sacrificial altar of Ru.
  4111 | D:9      | Found a blossoming altar of Fedhas.
  4181 | D:9      | Found a shattered altar of Ashenzari.
  4193 | D:9      | Reached skill level 10 in Stealth
  4304 | D:9      | Reached skill level 1 in Evocations
  4711 | D:10     | Entered Level 10 of the Dungeon
  4711 | D:10     | Noticed a two-headed ogre
  4723 | D:10     | Killed a two-headed ogre
  4723 | D:10     | Reached skill level 5 in Long Blades
  4731 | D:10     | Noticed a salamander
  4732 | D:10     | Slain by a salamander

Vault maps used:
D:1:      sevenhm_arrival_forest_fort_small_5
D:2:      okawaru_metal_pillars_3, zin_statuary,
          lemuel_zombie_altar_kikubaaqudgha, first_ration
D:3:      chequers_temple_overflow_statue_of_worship, uniq_grinder
D:4:      cheibrodos_helix_gallery, nicolae_overflow_hidden_temple
D:5:      uniq_pikel
D:6:      temple_fountains, serial_glass, glass_columns_c, glass_columns_a
D:7:      kennysheep_ying_yang, cheibrodos_worm_habitat
D:8:      bloody_makhleb, basic_altar, hangedman_little_slice_of_home,
          hangedman_decor_slide_cut, minivault_27,
          nicolae_ru_great_annihilating_truth, uniq_erica, uniq_maurice,
          uniq_prince_ribbit1
D:9:      kennysheep_mini, fedhas_altar_1
D:10:     ebering_ghost_reflecting_pool, uniq_psyche

Skill      XL: |  1  2  3  4  5  6  7  8  9 10 |
---------------+-------------------------------+-----
Stealth        | 1 2 3 4 6 7 8 9 10 | 10.4
Dodging        | 4 5 6 7 9 |  9.7
Shields        | 1 2 3 4 5 |  5.9
Long Blades    | 1 2 4 5 |  5.1
Fighting       | 4 5 6 |  6.2
Evocations     | 2 |  2.2
Short Blades   | |  3.0

Action                   |  1- 3 |  4- 6 |  7- 9 | 10-12 || total
-------------------------+-------+-------+-------+-------++-------
Melee: Short sword       |    80 |    73 |   162 |       ||   315
       Constrict         |    25 |    15 |    60 |    21 ||   121
       Tentacles         |    17 |    11 |    54 |    13 ||    95
       Rapier            |       |       |    90 |    94 ||   184
       Dagger            |       |       |     7 |     1 ||     8
Throw: Stone             |       |       |     3 |       ||     3
Invok: Trog's Hand       |     1 |     4 |     6 |     4 ||    15
       Berserk           |       |     2 |     7 |     3 ||    12
       Brothers in Arms  |       |       |     1 |       ||     1
Evoke: Wand              |       |       |       |     2 ||     2
  Use: Scroll            |       |     1 |     6 |       ||     7
       Potion            |       |       |     4 |     1 ||     5
 Stab: Sleeping          |     3 |    10 |    19 |     2 ||    34
       Distracted        |       |     1 |       |       ||     1
       Paralysed         |       |       |       |     1 ||     1
  Eat: Chunk             |       |     6 |     9 |     5 ||    20
       Ration            |       |       |     3 |       ||     3
Armor: Skin              |     6 |     3 |    24 |     1 ||    34
Dodge: Dodged            |    44 |    24 |    86 |    44 ||   198
Block: Shield            |     9 |    22 |   111 |    43 ||   185

Table legend:
 A = Spawn XP
 B = Non-spawn XP
 C = Spawn XP percentage of total XP
 D = Spawn monster count
 E = Non-spawn monster count
 F = Spawn count percentage of total count
 G = Total turns spent on level
                    A         B        C        D         E        F      G
               +---------+---------+-------+---------+---------+-------+---------
         Total |       0 |    7530 |   0.0 |       0 |     219 |   0.0 |  4732
               +---------+---------+-------+---------+---------+-------+---------
           D:1 |       0 |      47 |   0.0 |       0 |      26 |   0.0 |   343
           D:2 |       0 |      58 |   0.0 |       0 |      19 |   0.0 |   528
           D:3 |       0 |     419 |   0.0 |       0 |      16 |   0.0 |   400
           D:4 |       0 |     324 |   0.0 |       0 |      25 |   0.0 |   577
           D:5 |       0 |     867 |   0.0 |       0 |      13 |   0.0 |   478
           D:6 |       0 |     371 |   0.0 |       0 |      17 |   0.0 |   454
           D:7 |       0 |     862 |   0.0 |       0 |      22 |   0.0 |   451
           D:8 |       0 |    2027 |   0.0 |       0 |      42 |   0.0 |   764
           D:9 |       0 |    1597 |   0.0 |       0 |      37 |   0.0 |   716
          D:10 |       0 |     958 |   0.0 |       0 |       2 |   0.0 |    21
               +---------+---------+-------+---------+---------+-------+---------
